 Dungeon Crawl Stone Soup version 0.31.0-32-g396128a36d (webtiles) character file.

Game seed: 13809762487392243835

1994780 drollins the Conqueror (level 27, 262/273 HPs)
             Began as a Minotaur Berserker on Apr 13, 2024.
             Was a High Priest of Trog.
             Escaped with the Orb
             ... and 3 runes on Apr 16, 2024!
             The game lasted 04:04:03 (50863 turns).

drollins the Conqueror (Minotaur Berserker)        Turns: 50863, Time: 04:04:04

Health: 262/273    AC: 62    Str: 37    XL:     27
Magic:  22/22      EV: 28    Int:  4    God:    Trog [*****.]
Gold:   4885       SH:  0    Dex: 24    Spells: 26/26 levels left

rFire   + . .        r - +9 executioner's axe (vamp)
rCold   x . .        (shield currently unavailable)
rNeg    + . .        g - +23 crystal plate armour "Yres" {Dex+4}
rPois   .            E - +2 hat {Stlth+}
rElec   .            l - scarf "Immialu" {+Inv, Rampage rF+ rC- rN+}
rCorr   .            S - +0 pair of gloves of the Armadillo {Will+}
SInv    .            s - +2 pair of boots
Will    +++++        D - amulet "Beoq" {Will+ Regen+ Int+2 Slay+5} Stlth
                     Z - ring "Raggow" {Fly Will+ Dex+2}
HPRegen 1.45/turn    e - ring "Gedefaf" {Will+ Str+3 Dex+6}
MPRegen 0.18/turn

%: rampage
@: on berserk cooldown, flying, slowed, very slow
A: horns 2, retaliatory headbutt, dopey 1, subdued magic 1, inability to read
after injury 1
0: Orb of Zot
}: 3/15 runes: decaying, serpentine, silver
a: Renounce Religion, Evoke Invisibility, Berserk, Trog's Hand, Brothers in Arms


You escaped.
You worshipped Trog.
Trog was extremely pleased with you.
You visited 10 branches of the dungeon, and saw 48 of its levels.
You also visited: Sewer, Gauntlet and Ice Cave.

You collected 7672 gold pieces.
You spent 2787 gold pieces at shops.

Inventory:

Hand Weapons
 r - a +9 vampiric executioner's axe (weapon)
 u - a +9 heavy executioner's axe
 J - the +6 battleaxe "Huwoorr" {flame, *Corrode rC+++ rN+ Str-3}
   (Trog gifted it to you on level 3 of the Elven Halls)

   Str-3:     It affects your strength (-3).
   rC+++:     It renders you almost immune to cold.
   rN+:       It protects you from negative energy.
   *Corrode:  It may corrode you when you take damage.
 R - the +8 frozen axe "Frostbite" {freeze, freezing cloud, *Noise Fly rC+}
   (You found it in an ice cave)

   rC+:       It protects you from cold.
   Fly:       It grants you flight.
   *Noise:    It may make a loud noise when swung.
Missiles
 N - 3 throwing nets (quivered)
Armour
 g - the +23 crystal plate armour "Yres" (worn) {Dex+4}
   (You acquired it on level 1 of the Lair of Beasts)

   Dex+4:     It affects your dexterity (+4).
 l - the scarf "Immialu" (worn) {+Inv, Rampage rF+ rC- rN+}
   (You acquired it on level 1 of the Elven Halls)

   rF+:       It protects you from fire.
   rC-:       It makes you vulnerable to cold.
   rN+:       It protects you from negative energy.
   Rampage:   It bestows one free step when moving towards enemies.
 o - a +2 pair of boots
 s - a +2 pair of boots (worn)
 E - a +2 hat of stealth (worn)
 S - the +0 pair of gloves of the Armadillo (worn) {Will+}
   (You found it on level 1 of the Depths)

   Will+:     It increases your willpower.
Jewellery
 e - the ring "Gedefaf" (right hand) {Will+ Str+3 Dex+6}
   (You found it on level 3 of the Swamp)

   [ring of dexterity]

   Str+3:     It affects your strength (+3).
   Dex+6:     It affects your dexterity (+6).
   Will+:     It increases your willpower.
 D - the amulet "Beoq" (around neck) {Will+ Regen+ Int+2 Slay+5}
   (You bought it in a shop on level 1 of the Elven Halls)

   [amulet of regeneration]

   Int+2:     It affects your intelligence (+2).
   Slay+5:    It affects your accuracy & damage with ranged weapons and melee
   (+5).
   Will+:     It increases your willpower.
   Regen+:    It increases your rate of health regeneration.
 Z - the ring "Raggow" (left hand) {Fly Will+ Dex+2}
   (You found it on level 5 of the Dungeon)

   [ring of flight]

   Dex+2:     It affects your dexterity (+2).
   Will+:     It increases your willpower.
   Fly:       It grants you flight.
Wands
 p - a wand of digging (22)
 q - a wand of mindburst (41)
 A - a wand of polymorph (29)
 G - a wand of charming (28)
Scrolls
 c - 16 scrolls of teleportation
 d - 9 scrolls of brand weapon
 k - 8 scrolls of blinking
 n - 3 scrolls of silence
 v - 11 scrolls of fog
 x - 5 scrolls of enchant weapon
 C - 8 scrolls of enchant armour
 Y - 9 scrolls of fear
Potions
 a - 5 potions of magic
 b - a potion of lignification
 h - 3 potions of enlightenment
 i - 21 potions of curing
 j - 10 potions of heal wounds
 B - 3 potions of ambrosia
 F - 8 potions of haste
 H - 3 potions of berserk rage
 I - 3 potions of attraction
 L - a potion of cancellation
 M - 9 potions of might
 O - 6 potions of invisibility
 V - 4 potions of resistance
 X - 4 potions of brilliance
Miscellaneous
 f - a phantom mirror
 m - a phial of floods
 t - a lightning rod (4/4)
 P - a sack of spiders
 U - the horn of Geryon


   Skills:
 O Level 27 Fighting
 O Level 27 Axes
 * Level 20.2 Throwing
 O Level 27 Armour
 O Level 27 Dodging


You had 26 spell levels left.
You didn't know any spells.
Your spell library was empty.

Dungeon Overview and Level Annotations

Branches:
Dungeon (15/15)            Temple (0/1) D:6            Lair (5/5) D:10
  Swamp (4/4) Lair:3        Snake (4/4) Lair:3        Slime (0/5) Lair:4
    Orc (2/2) D:11            Elf (3/3) Orc:2        Vaults (5/5) D:13
  Crypt (0/3) Vaults:2     Depths (4/4) D:15           Hell (visited)
    Dis (0/7) Hell            Geh (0/7) Hell            Coc (0/7) Hell
    Tar (0/7) Hell            Zot (5/5) Depths:4      Sewer (visited)
  IceCv (visited)         Gauntlet (visited)

Altars:
Dithmenos
Fedhas
Gozag
Hepliaklqana
Kikubaaqudgha
Okawaru
Sif Muna
Trog
Wu Jian
Yredelemnul
Jiyva
Lugonu

Shops:
D:15 [   Orc:2 :=:[   Elf:1 =:=   Elf:3 *   Snake:1 ?[*   Snake:2 !
Snake:4 !([*   Vaults:2 (**(   Vaults:4 *   Vaults:5 ?   Zot:2 *

Portals:
Hell: Depths:1 Depths:2 Depths:3 Depths:4
Abyss: Lair:5 Depths:3 Depths:4
Pandemonium: Depths:2 Depths:3
Ziggurat: Depths:4

Annotations:
Lair:5 3 runed translucent doors, PaiMei's ghost, journeyman DsNe


Innate Abilities, Weirdness & Mutations

You have a pair of horns on your head.
You reflexively headbutt those who attack you in melee.
You are dopey. (Int -2)
Your spells are a little easier to cast, but a little less powerful.
You occasionally lose the ability to read scrolls when taking damage.


Message History

Trog accepts your kill.
Things that are here:
a +2 scythe of pain; a +0 club You carve the Hell Sentinel like a ham!!!
You headbutt the Hell Sentinel, but do no damage.
The Hell Sentinel is heavily wounded.
The Hell Sentinel misses you. You furiously retaliate!
You headbutt the Hell Sentinel! The Hell Sentinel misses you.
You slash the Hell Sentinel!
You headbutt the Hell Sentinel, but do no damage.
The Hell Sentinel is severely wounded.
You hit the Hell Sentinel.
The Hell Sentinel is severely wounded.
The Hell Sentinel gestures at you.
The sphere of damnation explodes!
The damnation engulfs you!! The damnation engulfs your troll!!!
The damnation engulfs the Hell Sentinel.
The Hell Sentinel completely resists.
You strike the helpless Hell Sentinel from behind!
You carve the Hell Sentinel like a ham!!!
You feel the power of Trog in you as your rage grows.
You kill the Hell Sentinel!
Trog accepts your kill.
You swap places.
Your troll rages.
You feel a strong urge to attack something.
Your troll rages.
You feel your anger nearly subside.
You are no longer berserk.
You are exhausted.
You feel yourself slow down.
Your troll rages.
Your troll rages.
Your troll rages.
Your troll rages.
Your troll rages.
Your troll rages.
There is an open door here.
Your troll is no longer berserk.
There is a staircase leading out of the dungeon here.
You have escaped!

######....############ ###..# ##
....##....♣~#≈♣.♣# ###...## #.
.......###.###.♣.♣#♣##...### #.
.......# #...........#♣### ###.
......## ♣...........# #####...
......# ♣..#######..♣ ###......#
......# ♣♣..#..P..#..#♣#...#.###.
......###...#P....#...♣#.###.###.
.....###.#..#...@T'..#.##........
.......##...#...P.#...♣#........#
........##..#.....#..♣♣..........
.......###..##+####..♣##...>.....
......## #...........♣##.........
......####............##.........
.....#...♣.♣♣♣.♣.♣####...........
....##....♣♣ ♣♣.♣# ###........#
...###...)####~#♣ ##>.......#


You could see a friendly troll (summoned, slow).

Vanquished Creatures
  9 dread liches
  An orb of fire (Zot:5)
  5 ancient liches
  Mara (Vaults:5)
  A juggernaut (Depths:2)
  Sojobo (Vaults:5)
  5 Killer Klowns (Zot:5)
  Bai Suzhen (Vaults:3)
  Vashnia (Snake:4)
  A curse toe (Zot:5)
  Geryon (Hell)
  The ghost of crisisinutopia the Impregnable, an adept MiFi of Okawaru (Vaults:4)
  The ghost of Poanarph the Slayer, a veteran GrAl of Kikubaaqudgha (Depths:3)
  7 golden dragons
  2 bone dragons (Depths:4)
  A profane servitor (Zot:4)
  A hellephant (Hell)
  A Tzitzimitl (D:15)
  18 tentacled monstrosities
  4 electric golems
  Zenata (Vaults:1)
  Jorgrun (Snake:2)
  A Hell Sentinel (D:1)
  28 Orb Guardians
  An Ice Fiend (Depths:1)
  7 titans
  A walking earthen tome (Depths:3)
  6 sphinxes
  Asterion (Snake:3)
  The ghost of Ardipithecus the Impregnable, an adept MiBe of Trog (Depths:3)
  2 deep elf master archers (Elf:3)
  8 quicksilver dragons
  6 deep elf blademasters
  8 death cobs
  2 thorn hunters (Swamp:4)
  5 shadow dragons
  Kirke (Lair:3)
  3 fenstrider witches
  4 draconian monks
  11 tengu reavers
  4 protean progenitors
  30 storm dragons
  The ghost of PainlessDeath the Convoker, an adept OpIE of Ashenzari (Elf:1)
  3 nagarajas
  13 fire giants
  7 deep elf sorcerers
  13 vault wardens
  3 iron dragons
  8 draconian scorchers
  8 frost giants
  A juggernaut zombie (Hell)
  6 draconian knights
  A ghost moth (Zot:3)
  2 orc warlords
  A curse skull (Vaults:2)
  3 ghouls
  5 draconian shifters
  Louise (Snake:3)
  2 caustic shrike zombies (Depths:2)
  15 stone giants
  7 reapers
  3 deep elf elementalists (Elf:3)
  6 spriggan defenders
  8 draconian annihilators
  15 very ugly things
  A caustic shrike skeleton (Depths:2)
  3 draconian stormcallers
  3 hydra skeletons
  3 formless jellyfish (Vaults:4)
  11 ironbound thunderhulks
  17 ironbound preservers
  A vampire knight (Depths:4)
  The ghost of Burzz the Basher, a journeyman MiFi of Uskayaw (Orc:2)
  2 deep elf death magi
  2 eleionomae
  8 black draconians
  4 deep elf demonologists
  9 green draconians
  4 dire elephants
  6 red draconians
  11 deep elf annihilators
  6 yellow draconians
  Azrael (Elf:2)
  10 purple draconians
  12 spark wasps
  2 minotaurs
  4 bunyips
  12 white draconians
  8 war gargoyles
  The ghost of MiniGinger the Covert, a journeyman OpBr of Dithmenos (Lair:1)
  4 blizzard demons (Hell)
  A green death (Depths:2)
  15 ettins
  A mummy priest (Hell)
  4 shambling mangroves
  10 yaktaur captains
  15 fire dragons
  3 entropy weavers
  2 crystal guardians
  3 great orbs of eyes
  The ghost of community the Fighter, a journeyman MiFi of Hepliaklqana (D:10)
  8 peacekeepers
  6 rakshasas
  3 deep elf high priests (Elf:3)
  13 ice dragons
  31 vault guards
  5 ogre magi
  A hell beast (Depths:1)
  5 spriggan air magi
  3 salamander tyrants (Snake:4)
  13 hydras
  A catoblepas (Lair:5)
  15 alligators
  12 centaur warriors
  A juggernaut simulacrum (Depths:2)
  A two-headed ogre (shapeshifter) (Depths:4)
  14 ironbound frosthearts
  12 naga warriors
  3 death knights
  The ghost of yey the Destroyer, a journeyman DsFE of Vehumet (Lair:1)
  5 death yaks
  18 anacondas
  2 satyrs (Zot:2)
  14 two-headed ogres
  9 tengu warriors
  A hell hog (Hell)
  2 boulder beetles
  3 thrashing horrors (Lair:5)
  A demonic crawler (Zot:1)
  24 dancing weapons
  13 deep troll earth magi
  7 spriggan berserkers
  7 orc high priests
  2 soul eaters (Hell)
  15 deep troll shamans
  9 shock serpents
  A shock serpent (shapeshifter) (Vaults:5)
  4 occultists
  13 naga sharpshooters
  A fire crab (Lair:1)
  8 iron trolls
  9 hell knights
  Sonja (Lair:4)
  5 sun demons
  2 skysharks
  Nergalle (Orc:1)
  17 deep elf knights
  2 salamander mystics
  A skyshark (shapeshifter) (Vaults:3)
  A cherub (D:5)
  A death drake (Swamp:4)
  Lodul (D:12)
  A shadow wraith (Vaults:5)
  8 swamp dragons
  61 deep trolls
  A spriggan rider (Depths:4)
  6 goliath frogs
  5 arcanists
  A glowing orange brain (Vaults:1)
  A shadow dragon zombie (Hell)
  3 naga ritualists
  6 mana vipers
  A flayed ghost (Depths:3)
  10 harpies
  4 phantasmal warriors
  An anaconda zombie (Hell)
  3 spectral hydras (Swamp:4)
  6 deep elf archers
  12 orc knights
  5 spriggan druids
  A tengu zombie (Hell)
  16 ironbound convokers
  4 bog bodies
  9 lindwurms
  35 deep elf pyromancers
  24 deep elf zephyrmancers
  An alligator zombie (Hell)
  11 necromancers
  An anaconda skeleton (Hell)
  A fire giant zombie (Hell)
  A golden dragon skeleton (Depths:2)
  2 oklob plants (Swamp:4)
  5 orc sorcerers
  A wolf spider (shapeshifter) (Depths:3)
  4 large abominations
  2 frost giant zombies (Hell)
  A cyclops (shapeshifter) (Vaults:5)
  35 moths of wrath
  A wolf spider (D:13)
  A shining eye (shapeshifter) (Vaults:5)
  21 salamanders
  A manticore (shapeshifter) (Vaults:5)
  31 ugly things
  A will-o-the-wisp (Swamp:2)
  8 elephants
  4 manticores
  6 cyclopes
  27 vault sentinels
  8 guardian serpents
  A moth of wrath (shapeshifter) (Depths:3)
  8 rust devils
  2 centaur zombies (D:15)
  6 ice statues
  A kobold blastminer (Orc:2)
  11 naga magi
  An alligator skeleton (Hell)
  31 black mambas
  An orange demon (D:15)
  3 torpor snails
  4 cane toads
  A gargoyle (D:13)
  The ghost of trashops the Chopper, a novice HOFi (D:5)
  6 smoke demons
  A centaur skeleton (D:15)
  2 unseen horrors
  Maggie (Lair:1)
  A kobold demonologist (D:14)
  Jeremiah (D:9)
  15 komodo dragons
  5 rime drakes
  4 tengu conjurers
  19 yaktaurs
  10 ice devils
  3 hellions
  9 freezing wraiths
  A red devil (Gauntlet)
  A hydra zombie (Swamp:4)
  A queen bee (Gauntlet)
  A troll (shapeshifter) (D:13)
  5 hellwings
  A polar bear (shapeshifter) (Lair:5)
  2 polar bears (Lair:1)
  19 hornets
  6 trolls
  A raiju (Lair:5)
  9 tyrant leeches
  A blink frog (shapeshifter) (D:13)
  27 blink frogs
  A tengu simulacrum (Vaults:4)
  Prince Ribbit (D:8)
  A glass eye (shapeshifter) (Vaults:5)
  A glass eye (Depths:3)
  A raiju (shapeshifter) (D:13)
  A spriggan zombie (Hell)
  4 dream sheep (Lair:2)
  A snapping turtle (shapeshifter) (Vaults:5)
  12 slime creatures
  2 shadows
  19 spriggans
  A culicivora (Vaults:3)
  4 wraiths
  An elf simulacrum (Vaults:4)
  A dire elephant simulacrum (IceCv)
  Sigmund (D:2)
  5 wyverns
  13 water elementals
  56 yaks
  A ynoxinul (Lair:5)
  5 hogs (Lair:3)
  A golden eye (shapeshifter) (Elf:3)
  5 redbacks
  A sea snake simulacrum (Hell)
  2 wargs
  3 fire elementals (Elf:2)
  14 basilisks
  2 steam dragons
  Menkaure (D:5)
  A redback (shapeshifter) (Depths:3)
  12 vampire mosquitoes
  3 chaos spawn (Lair:5)
  4 death yak simulacra (IceCv)
  23 swamp worms
  28 nagas
  5 hydra simulacra
  4 acid dragons
  A naga (shapeshifter) (Vaults:1)
  A glowing shapeshifter zombie (Vaults:4)
  34 water moccasins
  10 hell hounds
  A meliai simulacrum (D:11)
  4 swamp drakes
  4 sky beasts
  38 orc warriors
  Pargi (D:3)
  A swamp dragon zombie (Swamp:4)
  A laughing skull (D:13)
  10 small abominations (Lair:5)
  2 human zombies
  6 black bears
  6 wolves
  10 centaurs
  A crocodile (D:8)
  2 swamp dragon skeletons (Swamp:4)
  16 ogres
  A phantom (D:4)
  2 elf zombies (Elf:1)
  14 bullfrogs
  2 earth elementals
  2 scorpions
  2 gnoll sergeants
  A two-headed ogre simulacrum (IceCv)
  A cane toad simulacrum (IceCv)
  6 wights
  12 killer bees
  An elephant simulacrum (IceCv)
  2 electric eels
  5 howler monkeys
  A lava snake (Lair:3)
  2 bombardier beetles
  A hound (D:5)
  30 orc priests
  Crazy Yiuf (D:3)
  5 jellies
  3 sleepcaps
  16 iguanas
  18 orc wizards
  A hell rat (Lair:1)
  2 spriggan simulacra (IceCv)
  2 troll simulacra (IceCv)
  A killer bee zombie (D:8)
  15 gnolls
  3 swamp drake zombies (Swamp:4)
  36 adders
  3 naga simulacra (IceCv)
  A shadow imp (D:7)
  A swamp drake skeleton (Swamp:4)
  2 white imps
  5 ufetubi
  14 dart slugs
  5 ribbon worms
  65 orcs
  15 endoplasms
  14 giant cockroaches
  7 goblins
  3 hobgoblins
  8 kobolds
  5 quokkas
  15 ball pythons
  5 bats
  10 frilled lizards
  10 rats
  An aspiring flesh (Zot:1)
  2 spectral weapons (Snake:3)
2266 creatures vanquished.

Vanquished Creatures (collateral kills)
  An orb of fire (Zot:5)
  Nikola (Swamp:1)
  Gastronok (D:8)
  A nagaraja (Snake:3)
  An eleionoma (Swamp:1)
  A rakshasa (Depths:2)
  An alligator (Swamp:4)
  A two-headed ogre (D:8)
  A naga sharpshooter (Snake:3)
  A thrashing horror (Lair:5)
  A salamander mystic (Snake:3)
  An orc knight (Orc:2)
  An ugly thing (Lair:5)
  An oklob plant (Swamp:4)
  3 salamanders
  2 elephants (Lair:4)
  A guardian serpent (Snake:4)
  A black mamba (Lair:4)
  A troll (D:8)
  A raiju (Lair:5)
  3 yaks (Lair:4)
  A steam dragon (D:8)
  2 basilisks
  2 hogs (Lair:3)
  A naga (Snake:3)
  7 orc warriors
  A crocodile (D:8)
  2 lava snakes (Lair:3)
  2 orcs
44 creatures vanquished.

Vanquished Creatures (others)
  A fire giant (Depths:1)
  A purple draconian (Depths:4)
  2 fire dragons
  An alligator (Swamp:2)
  An occultist (Depths:3)
  A soul eater (Zot:5)
  An ironbound convoker (Vaults:5)
  A deep elf zephyrmancer (Elf:3)
  2 bloated husks
  An ufetubus (IceCv)
  8 foxfires (Swamp:2)
20 creatures vanquished.

Grand Total: 2330 creatures vanquished

Notes
Turn   | Place    | Note
-------+----------+-------------------------------------------
     0 | D:1      | drollins the Minotaur Berserker began the quest for the
                  | Orb.
     0 | D:1      | Reached XP level 1. HP: 19/19 MP: 0/0
   117 | D:1      | Reached XP level 2. HP: 27/27 MP: 1/1
   783 | D:2      | Reached XP level 3. HP: 27/33 MP: 2/2
   844 | D:2      | Noticed Sigmund
   846 | D:2      | Killed Sigmund
   847 | D:2      | Reached XP level 4. HP: 35/41 MP: 3/3
   847 | D:2      | Reached XP level 5. HP: 40/47 MP: 4/4
   953 | D:2      | Reached ** piety under Trog
  1425 | D:3      | Noticed Pargi
  1434 | D:3      | Killed Pargi
  1435 | D:3      | Reached skill level 5 in Fighting
  1435 | D:3      | Reached skill level 5 in Axes
  1435 | D:3      | Reached XP level 6. HP: 56/56 MP: 5/5
  1792 | D:3      | Found a runed translucent door.
  1793 | D:3      | Noticed Crazy Yiuf
  1800 | D:3      | Killed Crazy Yiuf
  2627 | D:4      | Reached skill level 5 in Armour
  2627 | D:4      | Reached XP level 7. HP: 49/62 MP: 6/6
  3140 | D:5      | Entered Level 5 of the Dungeon
  3232 | D:5      | Found a shadowy altar of Dithmenos.
  3246 | D:5      | Reached skill level 5 in Dodging
  3328 | D:5      | Reached *** piety under Trog
  3342 | D:5      | Reached XP level 8. HP: 62/71 MP: 7/7
  3349 | D:5      | Found a runed translucent door.
  3355 | D:5      | Noticed trashops's ghost (novice HOFi)
  3451 | D:5      | Noticed Menkaure
  3457 | D:5      | Killed Menkaure
  3504 | D:5      | Found a glowing drain.
  3508 | Sewer    | Entered a sewer
  3652 | Sewer    | Reached **** piety under Trog
  4475 | D:5      | Killed trashops's ghost
  4481 | D:5      | Identified the ring "Raggow" {Fly Will+ Dex+2}
  4590 | D:5      | Reached XP level 9. HP: 81/81 MP: 8/8
  4692 | D:6      | Found a staircase to the Ecumenical Temple.
  5882 | D:8      | Noticed a troll
  5884 | D:8      | Noticed a tengu conjurer
  5896 | D:8      | Killed a troll
  5897 | D:8      | Reached XP level 10. HP: 91/91 MP: 9/9
  6009 | D:8      | Noticed Prince Ribbit
  6025 | D:8      | Killed Prince Ribbit
  6127 | D:8      | Reached skill level 10 in Fighting
  6171 | D:8      | Reached skill level 10 in Axes
  6178 | D:8      | Reached ***** piety under Trog
  6397 | D:8      | Noticed a two-headed ogre
  6404 | D:8      | Noticed a two-headed ogre
  6407 | D:8      | Killed a two-headed ogre
  6408 | D:8      | Reached skill level 10 in Armour
  6419 | D:8      | Killed a two-headed ogre
  6544 | D:8      | Noticed Gastronok
  6557 | D:8      | Killed Gastronok
  6558 | D:8      | Reached XP level 11. HP: 92/102 MP: 10/10
  6806 | D:9      | Found a hazy altar of Hepliaklqana.
  6815 | D:9      | Noticed Jeremiah
  6878 | D:9      | Killed Jeremiah
  7040 | D:9      | Found an ornate altar of the Wu Jian Council.
  7056 | D:9      | Reached skill level 10 in Dodging
  7246 | D:9      | Found a shimmering blue altar of Sif Muna.
  7656 | D:10     | Entered Level 10 of the Dungeon
  7714 | D:10     | Noticed a two-headed ogre
  7725 | D:10     | Killed a two-headed ogre
  7802 | D:10     | Found a staircase to the Lair.
  7880 | D:10     | Noticed a two-headed ogre
  7889 | D:10     | Killed a two-headed ogre
  7940 | D:10     | Found a basalt altar of Yredelemnul.
  7980 | D:10     | Noticed community's ghost (journeyman MiFi)
  7983 | D:10     | Found a transporter.
  7983 | D:10     | Noticed a two-headed ogre
  7986 | D:10     | Noticed a two-headed ogre
  7986 | D:10     | Identified the +9 great mace of Action {venom, rF- Str+4
                  | Dex+4}
  7986 | D:10     | Noticed a two-headed ogre
  7987 | D:10     | Noticed a two-headed ogre
  8258 | D:10     | Noticed a two-headed ogre
  8264 | D:10     | Killed a two-headed ogre
  8548 | D:10     | Identified the ring "Wunong" {rPois Str+6}
  8621 | D:10     | Found a transporter.
  8627 | D:10     | Killed a two-headed ogre
  8630 | D:10     | Killed a two-headed ogre
  8630 | D:10     | Killed a two-headed ogre
  8631 | D:10     | Reached XP level 12. HP: 108/113 MP: 11/11
  8633 | D:10     | Killed community's ghost
  8634 | D:10     | Killed a two-headed ogre
  9236 | D:11     | Found a staircase to the Orcish Mines.
  9275 | D:11     | Found an ornate altar of the Wu Jian Council.
  9370 | Lair:1   | Entered Level 1 of the Lair of Beasts
  9398 | Lair:1   | Identified the +0 plate armour "Gaakouva" {rPois Will+
                  | SInv}
  9524 | Lair:1   | Found a runed translucent gate.
  9524 | Lair:1   | Found a runed translucent gate.
  9524 | Lair:1   | Found a runed translucent gate.
  9529 | Lair:1   | Noticed MiniGinger's ghost (journeyman OpBr)
  9529 | Lair:1   | Noticed yey's ghost (journeyman DsFE)
  9900 | Lair:1   | Noticed Maggie
  9907 | Lair:1   | Killed Maggie
 10222 | Lair:1   | Noticed a death yak
 10237 | Lair:1   | Killed a death yak
 10321 | Lair:1   | Reached XP level 13. HP: 123/123 MP: 12/12
 10443 | Lair:1   | Killed MiniGinger's ghost
 10444 | Lair:1   | Killed yey's ghost
 10481 | Lair:1   | Identified a scroll of acquirement
 10482 | Lair:1   | Acquired the +23 crystal plate armour "Yres" {Dex+4}
 11392 | Lair:3   | Noticed Kirke
 11404 | Lair:3   | Killed Kirke
 11412 | Lair:3   | Found a staircase to the Snake Pit.
 11644 | Lair:3   | Found a frozen archway.
 11653 | IceCv    | Entered an ice cave
 11918 | IceCv    | Noticed a reaper
 11935 | IceCv    | Killed a reaper
 11961 | IceCv    | Found the +8 frozen axe "Frostbite" {freeze, freezing
                  | cloud, *Noise Fly rC+}
 12254 | Lair:3   | Found a staircase to the Swamp.
 12254 | Lair:3   | Noticed an eleionoma
 12256 | Lair:3   | Killed an eleionoma
 12501 | Lair:4   | Reached skill level 15 in Fighting
 12501 | Lair:4   | Reached skill level 15 in Axes
 12506 | Lair:4   | Reached XP level 14. HP: 135/135 MP: 13/13
 12640 | Lair:4   | Noticed Sonja
 12663 | Lair:4   | Killed Sonja
 12664 | Lair:4   | Reached skill level 15 in Armour
 13005 | Lair:4   | Found a viscous altar of Jiyva.
 13005 | Lair:4   | Found a staircase to the Slime Pits.
 13103 | Lair:5   | Entered Level 5 of the Lair of Beasts
 13215 | Lair:5   | Found a runed translucent gate.
 13215 | Lair:5   | Found a runed translucent gate.
 13215 | Lair:5   | Found a runed translucent gate.
 13387 | Lair:5   | Received a gift from Trog
 13432 | Lair:5   | Identified the ring "Kebradghy" {EV+5 Int+2}
 13459 | Lair:5   | Found a corrupted altar of Lugonu.
 13459 | Lair:5   | Found a one-way gate to the infinite horrors of the Abyss.
 13650 | Lair:5   | Found a viscous altar of Jiyva.
 13650 | Lair:5   | Noticed an acid blob
 13650 | Lair:5   | Noticed an azure jelly
 13650 | Lair:5   | Noticed an acid blob
 13650 | Lair:5   | Noticed an azure jelly
 13650 | Lair:5   | Noticed an acid blob
 13650 | Lair:5   | Noticed an acid blob
 13650 | Lair:5   | Noticed PaiMei's ghost (journeyman DsNe)
 13650 | Lair:5   | Noticed a quicksilver ooze
 13650 | Lair:5   | Noticed an acid blob
 13650 | Lair:5   | Noticed an azure jelly
 13650 | Lair:5   | Noticed an acid blob
 13651 | Lair:5   | Noticed an azure jelly
 14336 | Orc:1    | Entered Level 1 of the Orcish Mines
 14336 | Orc:1    | Noticed Nergalle
 14362 | Orc:1    | Killed Nergalle
 14608 | Orc:1    | Paralysed by an orc sorcerer for 4 turns
 14873 | Orc:2    | Entered Level 2 of the Orcish Mines
 14979 | Orc:2    | Reached skill level 15 in Dodging
 14998 | Orc:2    | Reached XP level 15. HP: 115/145 MP: 14/14
 15137 | Orc:2    | Received a gift from Trog
 15201 | Orc:2    | Found Obleox's Antique Armour Boutique.
 15201 | Orc:2    | Found Fonoj's Book Boutique.
 15202 | Orc:2    | Found Ahugodau's Jewellery Shop.
 15202 | Orc:2    | Found Wyss's Book Boutique.
 15332 | Orc:2    | Found a staircase to the Elven Halls.
 15454 | Orc:2    | Found a transporter.
 15484 | Orc:2    | Found a transporter.
 15488 | Orc:2    | Found a bloodstained altar of Trog.
 15495 | Orc:2    | Noticed Burzz's ghost (journeyman MiFi)
 15534 | Orc:2    | Killed Burzz's ghost
 16278 | D:12     | Found a gate leading to a gauntlet.
 16282 | Gauntlet | Entered a Gauntlet
 16282 | Gauntlet | Found a transporter.
 16291 | Gauntlet | Found a transporter.
 16293 | Gauntlet | Found a transporter.
 16295 | Gauntlet | Found a transporter.
 16313 | Gauntlet | Found a transporter.
 16323 | Gauntlet | Found a transporter.
 16327 | Gauntlet | Found a large runed translucent door.
 16327 | Gauntlet | Found a large runed translucent door.
 16328 | Gauntlet | Found a large runed translucent door.
 16328 | Gauntlet | Found a large runed translucent door.
 16329 | Gauntlet | Found a large runed translucent door.
 16330 | Gauntlet | Found a runed translucent door.
 16331 | Gauntlet | Found a transporter.
 16332 | Gauntlet | Found a runed translucent door.
 16333 | Gauntlet | Found a large runed translucent door.
 16333 | Gauntlet | Found a large runed translucent door.
 16333 | Gauntlet | Found a large runed translucent door.
 16334 | Gauntlet | Found a large runed translucent door.
 16335 | Gauntlet | Found a large runed translucent door.
 16340 | Gauntlet | Found a large runed translucent door.
 16340 | Gauntlet | Found a large runed translucent door.
 16341 | Gauntlet | Found a large runed translucent door.
 16341 | Gauntlet | Found a large runed translucent door.
 16341 | Gauntlet | Found a large runed translucent door.
 16341 | Gauntlet | Found a large runed translucent door.
 16344 | Gauntlet | Found a runed translucent gate.
 16344 | Gauntlet | Found a runed translucent gate.
 16344 | Gauntlet | Found a runed translucent gate.
 16346 | Gauntlet | Found a transporter.
 16365 | Gauntlet | Found a transporter.
 16477 | Gauntlet | Found a transporter.
 16489 | Gauntlet | Found a transporter.
 16501 | Gauntlet | Found a transporter.
 16513 | Gauntlet | Found a transporter.
 16730 | Gauntlet | Found a transporter.
 16747 | Gauntlet | Found a transporter.
 16749 | Gauntlet | Found a transporter.
 16778 | Gauntlet | Found a transporter.
 16780 | Gauntlet | Found a transporter.
 17312 | Gauntlet | Identified the +0 cloak of Wureypte {Str-4 Dex+6}
 17385 | Gauntlet | Identified the +6 scale mail of the Miller {Str+2 Int+2}
 17385 | Gauntlet | Identified the +9 arbalest of Coghiab {penet, Fly Int+2}
 17925 | D:13     | Noticed Lodul
 17937 | D:12     | Killed Lodul
 17988 | D:13     | Found a gate to the Vaults.
 18984 | D:14     | Reached XP level 16. HP: 157/157 MP: 15/15
 19439 | D:15     | Entered Level 15 of the Dungeon
 19764 | D:15     | Found an opulent altar of Gozag.
 19856 | D:15     | Found a staircase to the Depths.
 19890 | D:15     | Identified the amulet of Ceil {Faith rN+ Dex+3}
 19931 | D:15     | Identified the ring of Neann {Will- EV+5 Dex+7}
 20015 | D:15     | Found Luvemp's Armour Boutique.
 20283 | Swamp:1  | Entered Level 1 of the Swamp
 20348 | Swamp:1  | Noticed Nikola
 20354 | Swamp:1  | Killed Nikola
 20534 | Swamp:1  | Noticed a tentacled monstrosity
 20543 | Swamp:1  | Killed a tentacled monstrosity
 20894 | Swamp:1  | Received a gift from Trog
 21064 | Swamp:2  | Identified the ring "Jyoheq" {rPois rF+ rN+ Will- Str+4}
 21254 | Swamp:2  | Noticed a tentacled monstrosity
 21265 | Swamp:2  | Killed a tentacled monstrosity
 21372 | Swamp:2  | Noticed a tentacled monstrosity
 21391 | Swamp:2  | Killed a tentacled monstrosity
 21668 | Swamp:3  | Identified the granite talisman of Weightlessness {+Blink
                  | rN+}
 21899 | Swamp:3  | Reached XP level 17. HP: 166/166 MP: 16/16
 21921 | Swamp:3  | Identified the +1 chain mail "Zucy" {Harm rC++ rCorr Int-2
                  | Slay-5}
 21995 | Swamp:3  | Identified the ring "Gedefaf" {Will+ Str+3 Dex+6}
 22078 | Swamp:4  | Entered Level 4 of the Swamp
 22093 | Swamp:4  | Noticed a tentacled monstrosity
 22103 | Swamp:3  | Received a gift from Trog
 22538 | Swamp:4  | Killed a tentacled monstrosity
 22752 | Swamp:4  | Found a basalt altar of Yredelemnul.
 22764 | Swamp:4  | Got a decaying rune of Zot
 22808 | Swamp:4  | Received a gift from Trog
 23200 | Swamp:4  | Found a blossoming altar of Fedhas.
 23496 | Snake:1  | Entered Level 1 of the Snake Pit
 24047 | Snake:1  | Found Gewuar's Armour Emporium.
 24049 | Snake:1  | Found Kaiwn's Assorted Antiques.
 24065 | Snake:1  | Found Woki's Magic Scroll Boutique.
 24269 | Snake:2  | Noticed Jorgrun
 24287 | Snake:2  | Killed Jorgrun
 24443 | Snake:2  | Reached XP level 18. HP: 158/178 MP: 17/17
 25026 | Snake:2  | Found Giqack's Distillery.
 25043 | Snake:2  | Bought a potion of experience for 800 gold pieces
 25043 | Snake:2  | Reached XP level 19. HP: 187/187 MP: 18/18
 25639 | Snake:3  | Identified the +1 tower shield of Hepliaklqana, Brewing
                  | {Dex+2}
 25639 | Snake:3  | Noticed Louise
 25643 | Snake:3  | Killed Louise
 25918 | Snake:4  | Entered Level 4 of the Snake Pit
 25918 | Snake:4  | Noticed Vashnia
 25918 | Snake:4  | Noticed Asterion
 25957 | Snake:3  | Killed Asterion
 26135 | Snake:4  | Killed Vashnia
 26186 | Snake:4  | Found Ozim's Distillery.
 26187 | Snake:4  | Received a gift from Trog
 26191 | Snake:4  | Found Otoxaim's Armour Shop.
 26191 | Snake:4  | Found Janenlog's Antique Weapon Boutique.
 26195 | Snake:4  | Found Qaull's General Store.
 26233 | Snake:4  | Bought a potion of might for 52 gold pieces
 26233 | Snake:4  | Bought a potion of invisibility for 104 gold pieces
 26242 | Snake:4  | Bought a +2 cloak of preservation for 408 gold pieces
 26661 | Snake:4  | Reached ****** piety under Trog
 26883 | Snake:4  | Got a serpentine rune of Zot
 27247 | Depths:1 | Entered Level 1 of the Depths
 27415 | Depths:1 | Reached XP level 20. HP: 193/198 MP: 19/19
 27677 | Depths:1 | Found a gateway to Hell.
 27692 | Depths:1 | Identified the +0 pair of gloves of the Armadillo {Will+}
 27882 | Depths:1 | Received a gift from Trog
 28261 | Depths:1 | Identified the ring of the Wereyak {Fly MP+9}
 28786 | Depths:2 | Found a one-way gate leading to the halls of Pandemonium.
 29077 | Depths:2 | Noticed a juggernaut
 29082 | Depths:2 | Received a gift from Trog
 29087 | Depths:2 | Killed a juggernaut
 29917 | Vaults:1 | Entered Level 1 of the Vaults
 30114 | Vaults:1 | Reached XP level 21. HP: 206/209 MP: 20/20
 30449 | Vaults:1 | Noticed Zenata
 30456 | Vaults:1 | Killed Zenata
 30463 | Vaults:1 | Received a gift from Trog
 31592 | Vaults:2 | Found a staircase to the Crypt.
 31683 | Vaults:2 | Found Diagaaj's Antique Weapon Shop.
 31865 | Vaults:2 | Found Doason's General Store.
 31872 | Vaults:2 | Found Rucliom's Antique Weapon Boutique.
 32083 | Vaults:2 | Identified the +6 war axe "Jirofisu" {flame, Stlth+} (Trog
                  | gifted it to you on level 2 of the Vaults)
 32083 | Vaults:2 | Received a gift from Trog
 32195 | Vaults:2 | Found Mar Liud's General Store.
 32203 | Vaults:2 | Bought a scroll of enchant weapon for 135 gold pieces
 32481 | Vaults:3 | Noticed Bai Suzhen
 32490 | Vaults:3 | Killed Bai Suzhen
 33537 | Vaults:4 | Found Xunishuc's General Store.
 33699 | Vaults:4 | Reached XP level 22. HP: 220/220 MP: 21/21
 33767 | Vaults:4 | Identified the +7 glaive of Mayhem {flame, Dex+4 Stlth+}
                  | (Trog gifted it to you on level 4 of the Vaults)
 33767 | Vaults:4 | Received a gift from Trog
 33864 | Vaults:4 | Found a runed translucent gate.
 33864 | Vaults:4 | Found a runed translucent gate.
 33864 | Vaults:4 | Found a runed translucent gate.
 33864 | Vaults:4 | Noticed crisisinutopia's ghost (adept MiFi)
 33865 | Vaults:4 | Identified the +1 lajatang of Untimely Demise {speed, rF+}
 33994 | Vaults:4 | Identified the +1 great sword of Disintegration {flame, rF+
                  | rC+}
 34326 | Vaults:4 | Found an iron altar of Okawaru.
 34336 | Vaults:4 | Killed crisisinutopia's ghost
 35078 | Elf:1    | Entered Level 1 of the Elven Halls
 35212 | Elf:1    | Received a gift from Trog
 35468 | Elf:1    | Found a runed translucent gate.
 35468 | Elf:1    | Found a runed translucent gate.
 35468 | Elf:1    | Found a runed translucent gate.
 35468 | Elf:1    | Noticed PainlessDeath's ghost (adept OpIE)
 35716 | Elf:1    | Found Leqol's Jewellery Emporium.
 35736 | Elf:1    | Found Losuphel's Book Boutique.
 35737 | Elf:1    | Found Heshy's Jewellery Emporium.
 35747 | Elf:1    | Bought the amulet "Beoq" {Will+ Regen+ Int+2 Slay+5} for
                  | 1288 gold pieces
 36177 | Elf:1    | Killed PainlessDeath's ghost
 36187 | Elf:1    | Acquired the scarf "Immialu" {+Inv, Rampage rF+ rC- rN+}
 36275 | Elf:2    | Identified the +0 chain mail of Dishonour {^Contam Int+3
                  | Dex+3}
 36448 | Elf:2    | Noticed Azrael
 36456 | Elf:2    | Killed Azrael
 36483 | Elf:2    | Received a gift from Trog
 36544 | Elf:2    | Found a runed translucent gate.
 36544 | Elf:2    | Found a runed translucent gate.
 36590 | Elf:2    | Found a runed translucent gate.
 37304 | Elf:3    | Entered Level 3 of the Elven Halls
 37329 | Elf:3    | Found Giedgh's General Store.
 37628 | Elf:3    | Identified the +6 battleaxe "Huwoorr" {flame, *Corrode
                  | rC+++ rN+ Str-3} (Trog gifted it to you on level 3 of the
                  | Elven Halls)
 37628 | Elf:3    | Received a gift from Trog
 37775 | Elf:3    | Reached XP level 23. HP: 221/229 MP: 22/22
 37778 | Elf:3    | Identified the amulet "Ruqi Lax" {Faith rF+}
 37897 | Elf:3    | Found the +5 Storm Queen's Shield {shock, Fly rElec}
 37907 | Elf:3    | Identified the amulet "Fari" {Faith +Inv rF+ rN+ Slay+3}
 37921 | Elf:3    | Identified the +5 tower shield of Komipaq {^Drain rF++
                  | Dex+5}
 37951 | Elf:3    | Identified the staff "Pucyjivy" {rElec Str-5 Int+9 Necro
                  | Earth}
 37952 | Elf:3    | Identified the +4 trident of Loneusev {heavy, *Slow rF+
                  | rN+}
 37957 | Elf:3    | Identified the staff of Evil {rElec rN+ rCorr Int+3 Conj
                  | Air}
 37959 | Elf:3    | Identified the +0 hand axe of Hatred {drain, Will- rCorr
                  | Str+2 Dex+2}
 38708 | Depths:3 | Received a gift from Trog
 38792 | Depths:2 | Received a gift from Trog
 39464 | Depths:3 | Found a basalt altar of Yredelemnul.
 39481 | Depths:3 | Found a runed translucent gate.
 39483 | Depths:3 | Found a runed translucent gate.
 39483 | Depths:3 | Found an ancient bone altar of Kikubaaqudgha.
 39483 | Depths:3 | Noticed a dread lich
 39483 | Depths:3 | Noticed Poanarph's ghost (veteran GrAl)
 39484 | Depths:3 | Found a runed translucent gate.
 39484 | Depths:3 | Noticed Ardipithecus's ghost (adept MiBe)
 39484 | Depths:3 | Noticed a dread lich
 39484 | Depths:3 | Noticed a dread lich
 39968 | Depths:3 | Killed a dread lich
 39969 | Depths:3 | Killed a dread lich
 39971 | Depths:3 | Killed Poanarph's ghost
 39974 | Depths:3 | Killed a dread lich
 39979 | Depths:3 | Killed Ardipithecus's ghost
 39986 | Depths:3 | Identified the +0 plate armour "Caggyreu" {^Contam rF+++
                  | Regen+ Int-5}
 39995 | Depths:3 | Identified the ring of Gluttony {Ice ^Drain rPois rCorr
                  | Stlth+}
 40001 | Depths:3 | Identified the +0 pair of gloves "Gotet" {rN++}
 40023 | Hell     | Entered the Vestibule of Hell
 40023 | Hell     | Noticed Geryon
 40047 | Depths:3 | Received a gift from Trog
 40109 | Hell     | Killed Geryon
 40327 | Hell     | Reached XP level 24. HP: 228/244 MP: 22/22
 40416 | Hell     | Found a gateway to the ashen valley of Gehenna.
 40498 | Hell     | Found a gateway to the Iron City of Dis.
 40642 | Hell     | Found a gateway to the freezing wastes of Cocytus.
 40657 | Hell     | Received a gift from Trog
 41109 | Hell     | Found a gateway to the decaying netherworld of Tartarus.
 41214 | Depths:4 | Entered Level 4 of the Depths
 41590 | Depths:4 | Received a gift from Trog
 42482 | Depths:4 | Found a gate to the Realm of Zot.
 42538 | Depths:4 | Found a one-way gateway to a ziggurat.
 42538 | Depths:4 | Noticed an ancient lich
 43033 | Vaults:5 | Entered Level 5 of the Vaults
 43037 | Vaults:5 | Received a gift from Trog
 43222 | Vaults:5 | Received a gift from Trog
 43238 | Vaults:5 | Noticed Sojobo
 43241 | Vaults:5 | Noticed Mara
 43245 | Vaults:5 | Noticed drollins's illusion
 43458 | Vaults:5 | Noticed drollins's illusion
 43474 | Vaults:5 | Killed Mara
 43479 | Vaults:5 | Killed Sojobo
 43483 | Vaults:5 | Noticed an ancient lich
 43645 | Vaults:5 | Noticed a dread lich
 43647 | Vaults:5 | Killed an ancient lich
 43648 | Vaults:5 | Reached XP level 25. HP: 255/255 MP: 22/22
 43653 | Vaults:5 | Killed a dread lich
 44010 | Vaults:5 | Noticed an ancient lich
 44014 | Vaults:5 | Noticed a dread lich
 44015 | Vaults:5 | Killed a dread lich
 44015 | Vaults:5 | Received a gift from Trog
 44017 | Vaults:5 | Killed an ancient lich
 44023 | Vaults:5 | Reached skill level 27 in Fighting
 44307 | Vaults:5 | Reached skill level 27 in Axes
 44351 | Vaults:5 | Got a silver rune of Zot
 44351 | Vaults:5 | Identified the ring "Senustuo" {rPois rF+ Dex+4}
 44386 | Vaults:5 | Reached skill level 27 in Armour
 44386 | Vaults:5 | Noticed an ancient lich
 44395 | Vaults:5 | Killed an ancient lich
 44487 | Vaults:5 | Identified the staff of Appipuex {*Corrode rF+ rN+ Dex+2
                  | Fire}
 44569 | Vaults:5 | Found Yfeoloe's Magic Scroll Shop.
 44619 | Vaults:5 | Identified the staff "Fezeaf" {rPois rF+ Fire}
 44791 | Vaults:5 | Identified the +2 lajatang of the Globe {spect, rElec
                  | Will++ Dex-5 Stlth+}
 45304 | Zot:1    | Entered Level 1 of the Realm of Zot
 45313 | Zot:1    | Received a gift from Trog
 46114 | Zot:1    | Received a gift from Trog
 46269 | Zot:1    | Found a viscous altar of Jiyva.
 46335 | Zot:1    | Found a viscous altar of Jiyva.
 46784 | Zot:2    | Reached skill level 27 in Dodging
 46798 | Zot:2    | Reached skill level 1 in Throwing
 46826 | Zot:2    | Reached skill level 5 in Throwing
 47146 | Zot:2    | Found Wuripnyll's CLEARANCE SALE!.
 47483 | Zot:3    | Reached XP level 26. HP: 266/266 MP: 22/22
 47492 | Zot:3    | Reached skill level 10 in Throwing
 47879 | Zot:3    | Received a gift from Trog
 48530 | Zot:4    | Reached skill level 15 in Throwing
 48894 | Zot:5    | Entered Level 5 of the Realm of Zot
 49371 | Zot:5    | Noticed a dread lich
 49381 | Zot:5    | Killed a dread lich
 49446 | Zot:5    | Noticed an orb of fire
 49450 | Zot:5    | Received a gift from Trog
 49451 | Zot:5    | Noticed an ancient lich
 49457 | Zot:5    | Gained mutation: You occasionally lose the ability to read
                  | scrolls when taking damage. [an orb of fire]
 49461 | Zot:5    | Killed an orb of fire
 49464 | Zot:5    | Killed an ancient lich
 49576 | Zot:5    | Noticed an ancient lich
 49584 | Zot:5    | Killed an ancient lich
 49586 | Zot:5    | Noticed a dread lich
 49589 | Zot:5    | Noticed an orb of fire
 49600 | Zot:5    | Killed a dread lich
 49607 | Zot:5    | Gained mutation: Your spells are a little easier to cast,
                  | but a little less powerful. [an orb of fire]
 49608 | Zot:5    | Gained mutation: You are dopey. (Int -2) [an orb of fire]
 49612 | Zot:5    | Killed an orb of fire
 49640 | Zot:5    | Reached XP level 27. HP: 273/273 MP: 22/22
 49651 | Zot:5    | Noticed a dread lich
 49661 | Zot:5    | Killed a dread lich
 49692 | Zot:5    | Noticed a dread lich
 49702 | Zot:5    | Killed a dread lich
 50042 | Zot:5    | Got the Orb of Zot
 50102 | Zot:5    | Noticed Somarur the pandemonium lord
 50863 | D:$      | Escaped with the Orb!

Illustrated notes

Levels and vault maps discovered:
D:1:      saegor_arrival_under_anarchy, layout_rooms
D:2:      layout_loops_cross, uniq_sigmund
D:3:      layout_loops_ring, minmay_statues_item, uniq_crazy_yiuf_cottage,
          uniq_pargi
D:4:      layout_loops_cross, supply_closet_lemuel,
          serial_library_regret_index_branch_corner, grunt_tough_drop
D:5:      layout_gridville, grunt_dithmenos_smoke, lightli_sewer_entry_pipes,
          ebering_ghost_reflecting_pool, uniq_menkaure
D:6:      layout_loops_ring, minmay_temple_entry_water_ring
D:7:      layout_rooms, minivault_19
D:8:      regret_index_malice_mire, layout_cave_pods, serial_rivers,
          chequers_serial_rivers_small_b, chequers_serial_rivers_small_3,
          chequers_serial_rivers_micro_d, chequers_serial_rivers_micro_e,
          chequers_serial_rivers_micro_e, chequers_serial_rivers_room_a,
          minmay_manual_moon, uniq_gastronok, uniq_prince_ribbit1
D:9:      layout_roguey, nicolae_sif_muna_condensation,
          mainiacjoe_overflow_concentric_impassable,
          mainiacjoe_overflow_cross_hatched, nicolae_letterblocks
          [nicolae_letter_subblock, nicolae_letter_subblock,
          nicolae_letter_subblock, nicolae_letter_subblock,
          nicolae_letter_subblock, nicolae_letter_subblock,
          nicolae_letter_subblock, nicolae_letter_subblock,
          nicolae_letter_subblock, nicolae_letter_subblock,
          nicolae_letter_subblock, nicolae_letter_subblock,
          nicolae_letter_subblock, nicolae_letter_subblock,
          nicolae_letter_subblock, nicolae_letter_subblock,
          nicolae_letter_subblock, nicolae_letter_subblock,
          nicolae_letter_subblock, nicolae_letter_subblock,
          nicolae_letter_subblock, nicolae_letter_subblock,
          nicolae_letter_subblock, nicolae_letter_subblock,
          nicolae_letter_subblock], uniq_jeremiah
D:10:     layout_long_grid, mainiacjoe_overflow_six_doors_small,
          minmay_lair_entry_grove, gammafunk_ghost_smash,
          serial_library_regret_index_double_sided, minivault_25,
          kennysheep_doodads, wad_rectangle_vault
D:11:     layout_small_grid, orc_0_dummy, nzn_wu_jian_council_hall
D:12:     layout_roguey, gauntlet_entry_generic
D:13:     lemuel_reptile_caves, layout_gridville,
          hellmonk_vaults_order_and_chaos, small_statue_intersection,
          minmay_shattered_shrine, uniq_lodul
D:14:     layout_layer_cave, minmay_staircase_bubble
D:15:     grunt_enter_depths_magical_seal, layout_small_grid,
          nicolae_gozag_seed_capital, serial_shops, nicolae_square_shop,
          wad_floor_pattern_untrapped
Lair:1:   layout_concentric_octagons, gammafunk_ghost_cemetery,
          nicolae_lair_lakeside_cave, uniq_maggie
Lair:2:   layout_loops_ring
Lair:3:   beast_lair_carwin_large_4, layout_regular_city,
          alex1729_swamp_entry_worm_eleionoma, nicolae_snake_entry_warm_welcome,
          portal_ice_cave_entry_pillars_2, uniq_kirke
Lair:4:   beargit_carnivore_pack, layout_hall_layers, dpeg_slime_entry_enclosed,
          grunt_megastairs_5, infiniplex_staircase_pool_2, uniq_sonja
Lair:5:   hellmonk_lair_end_abyssal_woods, layout_long_grid,
          gammafunk_ghost_ooze
Swamp:1:  layout_basic_swamp, hangedman_swamp_ruin_wall, swamp_pool_3,
          uniq_nikola
Swamp:2:  cheibrodos_swamp_monstrosity, layout_falls_marsh,
          evilmike_swamp_ruin_house_2, swamp_pool_4, worms_lemuel
Swamp:3:  layout_basic_swamp, evilmike_swamp_ruin_rubble_2,
          infiniplex_staircase_pool
Swamp:4:  byrel_swamp_growth_death_and_undeath, layout_basic_swamp
Snake:1:  layout_grid_shapes, nicolae_snake_serpentine_bazaar
Snake:2:  hangedman_cross_stitches, layout_basic, serial_shops,
          nicolae_shop_advertising_works [nicolae_subvault_shop_adworks],
          uniq_jorgrun
Snake:3:  layout_honeycomb, nrook_loot_triangle, uniq_louise
Snake:4:  snake_pit_salamanders_mu, layout_cave_town, minmay_shoptagon,
          uniq_vashnia, uniq_asterion
Orc:1:    layout_caves, serial_shops, nicolae_lakefront_shop,
          david_defended_altar_orc, uniq_nergalle
Orc:2:    st_orc_pillars, layout_diamond_mine,
          gammafunk_ghost_wrathful_warriors, nicolae_orc_lava_room
Elf:1:    elf_arrival_002, layout_geoelf_diagonals, ebering_ghost_rock_garden,
          minmay_elf_necromancy, billiards_dpeg, minmay_shop_grove
Elf:2:    elven_hall_of_blades_hangedman_original [mumra_blade_entry_dagger],
          layout_onion_city, grunt_megastairs_3, uniq_azrael
Elf:3:    minmay_elf_hall_statues, layout_onion_city, serial_shops,
          nicolae_diamond_shop
Vaults:1: hangedman_vaults_corner, nicolae_vaults_quadrants,
          nicolae_vaults_network_periphery, v_pattern_3,
          nicolae_vaults_oval_intersection, vaults_dpeg_cross,
          vaults_dpeg_emergency_exit, ontoclasm_vaults_eye,
          nicolae_vaults_tangram_2, v_misc_24, vaults_room_corners,
          layout_vaults_ring, uniq_zenata
Vaults:2: ontoclasm_vaults_idyll, nicolae_vaults_circle_grid_a,
          vaults_dpeg_hooks, ontoclasm_vaults_loading_screen, v_misc_11,
          hangedman_vaults_impose, vaults_room_boxed, nicolae_vaults_network_s,
          nicolae_vaults_display_case, minmay_crypt_entry_simple_box,
          ontoclasm_vaults_gateway, vaults_room_stairs_pillars, v_rooms_2,
          v_pattern_1, layout_vaults_omnibox, serial_shops, shop, shop,
          nicolae_shop_overgrown_old_shop, shop
Vaults:3: dpeg_vaults_monster_box, nicolae_vaults_tetromino_Z_1,
          grunt_vaults_focal, vaults_mumra_chevron,
          nicolae_vaults_sightless_eye, vaults_room_semicircle,
          hangedman_vaults_nails, vaults_mumra_hexcomb,
          nicolae_vaults_little_ls, nicolae_vaults_apartment_1,
          layout_vaults_quadrants, uniq_bai_suzhen
Vaults:4: gammafunk_ghost_fury_of_okawaru, v_alt_pattern_4,
          nicolae_vaults_stepped_doors, nicolae_vaults_disjoint_gnomons,
          vaults_room_fours, vaults_room_fancy_cross,
          nicolae_vaults_trapezoid_2, v_misc_24,
          serial_library_hellmonk_angled_corner, nicolae_vaults_specimen_jars,
          layout_vaults_maze_snakey, serial_shops, shop
Vaults:5: uniq_mara, uniq_sojobo
Depths:1: layout_roguey, kennysheep_cross_bottleneck, grunt_hell_entry_dis_old,
          ice2_lemuel, roderic_lattice_octagonal_star
Depths:2: minmay_big_diamond_grid, layout_gridlike, minmay_misc_feat_encased,
          rand_demon_pan_entry_8, hell_entry
Depths:3: evilmike_diamond_1, layout_basic, yredelemnul_altar_generic,
          pan_entry, serial_rivers, chequers_serial_rivers_small_a,
          chequers_serial_rivers_small_b, chequers_serial_rivers_room_b,
          chequers_serial_rivers_micro_c, hell_entry, gammafunk_ghost_crypt,
          nicolae_abyss_entry_one_way_or_another, eino_curves_02
Depths:4: grunt_zot_entry_pinwheel, layout_cave_pools, enter_ziggurat_c,
          abyss_entry, pf_coc_iceberg
Hell
Zot:1:    kennysheep_room_grid, layout_gridlike,
          regret_index_zotdec_slimy_original
Zot:2:    layout_misc_corridors, nicolae_shop_clearance
Zot:3:    layout_misc_corridors, grunt_megastairs_1
Zot:4:    layout_cellular_growth
Zot:5:    layout_misc_corridors, regret_index_zotdec_plus

Skill      XL: |  1  2  3  4  5  6  7  8  9 10 11 12 13 14 15 16 17 18 19 20 21 22 23 24 25 26 27 |
---------------+----------------------------------------------------------------------------------+-----
Fighting       | 4 5 6 7 9 11 12 13 15 16 17 18 20 21 22 23 24 25 26 27 | 27.0
Axes           | 4 5 6 7 9 11 12 13 15 16 17 18 20 21 22 23 24 25 26 27 | 27.0
Armour         | 3 4 5 6 7 9 10 12 13 14 16 17 18 19 20 21 22 23 24 25 26 27 | 27.0
Dodging        | 3 4 5 6 8 9 11 12 13 15 16 17 18 19 20 21 22 23 24 27 | 27.0
Throwing       | 9 19 20 | 20.2

Action                     |  1- 3 |  4- 6 |  7- 9 | 10-12 | 13-15 | 16-18 | 19-21 | 22-24 | 25-27 || total
---------------------------+-------+-------+-------+-------+-------+-------+-------+-------+-------++-------
  Melee: Hand axe          |    51 |    18 |       |       |       |       |       |       |       ||    69
         Headbutt          |     6 |     9 |    41 |    75 |   132 |   140 |   216 |   234 |   284 ||  1137
         Punch             |     1 |       |       |       |       |       |       |       |       ||     1
         War axe           |       |    71 |   318 |   399 |   179 |       |       |       |       ||   967
         Executioner's axe |       |       |       |       |   131 |   309 |     4 |   637 |   322 ||  1403
         Battleaxe         |       |       |       |       |   336 |   300 |   813 |   242 |   436 ||  2127
 Invoke: Berserk           |       |     3 |     7 |    17 |    26 |    15 |    25 |    26 |    23 ||   142
         Brothers in Arms  |       |       |       |     3 |    11 |     4 |    10 |     6 |     3 ||    37
  Evoke: Wand              |     2 |       |       |     7 |     3 |     6 |       |       |       ||    18
    Use: Scroll            |       |       |    12 |     1 |    14 |     3 |     4 |     9 |     8 ||    51
         Potion            |       |       |       |       |       |     1 |       |       |       ||     1
   Stab: Distracted        |       |       |       |       |     1 |       |     1 |       |     1 ||     3
 Armour: Animal skin       |    16 |       |       |       |       |       |       |       |       ||    16
         Scale mail        |    11 |    11 |       |       |       |       |       |       |       ||    22
         Chain mail        |       |    31 |       |       |       |       |       |       |       ||    31
         Plate armour      |       |     2 |   198 |   273 |    15 |       |       |       |       ||   488
         Crystal plate arm |       |       |       |       |   707 |   815 |   825 |   919 |   542 ||  3808
  Dodge: Dodged            |    25 |    60 |   270 |   212 |   532 |   695 |   870 |   971 |   703 ||  4338
  Block: Buckler           |     7 |    12 |    50 |    35 |       |       |       |       |       ||   104
         Tower shield      |       |       |       |    57 |   103 |       |       |       |       ||   160
         Kite shield       |       |       |       |     3 |       |       |       |       |       ||     3
